 Dungeon Crawl Stone Soup version 0.22.1-2-g9c5b331 (webtiles) character file.

10281 myga the Thaumaturge (level 11, -1/73 HPs)
             Began as a Gnoll Earth Elementalist on Nov 27, 2018.
             Was an Initiate of Gozag.
             Incinerated by a smoke demon (4 damage)
             ... with a sticky flame
             ... on level 2 of the Orcish Mines on Nov 28, 2018.
             The game lasted 02:30:41 (14693 turns).

myga the Thaumaturge (Gnoll Earth Elementalist)    Turns: 14693, Time: 02:30:43

Health: -1/73      AC: 12    Str: 19    XL:     11   Next: 59%
Magic:  0/23       EV: 21    Int: 17    God:    Gozag
Gold:   284        SH:  8    Dex: 30    Spells: 1/26 levels left

rFire    . . .     SeeInvis +   l - +7 long sword of the Purse {freeze, Dex+10 SInv}
rCold    + . .     Gourm    .   k - +0 buckler
rNeg     . . .     Faith    .   y - +2 robe of Bimeimpa {Dex+4}
rPois    .         Spirit   .   g - +2 helmet
rElec    .         Reflect  .   o - +1 cloak
rCorr    +         Harm     .   (no gloves)
MR       .....                  (no boots)
Stlth    ++........             (no amulet)
HPRegen  0.22/turn              j - ring of resist corrosion
MPRegen  0.18/turn              v - +1 ring of slaying (curse)

@: mighty, liquid flames, about to teleport, gold aura, glowing, bribing [the
Orcish Mines]
A: distributed training, fangs 1, yellow scales 1, cold resistance 1, frail 1,
strong nose
a: Potion Petition, Call Merchant, Bribe Branch, Renounce Religion


You were on level 2 of the Orcish Mines.
You worshipped Gozag.
Gozag was aware of your devotion.
You were not hungry.

You visited 4 branches of the dungeon, and saw 15 of its levels.
You also visited: Sewer and Ossuary.

You collected 3284 gold pieces.
You paid 3000 gold pieces to Gozag.

Inventory:

Hand Weapons
 l - the +7 long sword of the Purse (weapon) {freeze, Dex+10 SInv}
   (You found it on level 4 of the Dungeon)

   It has been specially enchanted to freeze those struck by it, causing extra
   injury to most foes and up to half again as much damage against particularly
   susceptible opponents.
   It can also slow down cold-blooded creatures.
   It affects your dexterity (+10).
   It lets you see invisible.
 t - a +3 short sword
 u - a +0 great sword
Missiles
 a - 108 arrows
 b - 231 stones (quivered)
 r - 2 javelins
 s - 5 tomahawks
 J - 2 throwing nets
Armour
 g - a +2 helmet (worn)
 k - a +0 buckler (worn)
 o - a +1 cloak (worn)
 p - a +0 helmet
 y - the +2 robe of Bimeimpa (worn) {Dex+4}
   (You found it in a sewer)

   It affects your dexterity (+4).
 R - a +2 leather armour of magic resistance
Magical Staves
 A - an uncursed staff of death
Jewellery
 j - a ring of resist corrosion (left hand)
 v - a cursed +1 ring of slaying (right hand)
Wands
 c - a wand of enslavement (17)
 f - a wand of polymorph (16)
 H - a wand of digging (14)
Scrolls
 h - 5 scrolls of enchant weapon
 m - 2 scrolls of amnesia
 n - 2 scrolls of remove curse
 x - a scroll of random uselessness
 C - 4 scrolls of magic mapping
 F - a scroll of vulnerability
 M - a scroll of brand weapon
Potions
 i - 3 potions of brilliance
 w - a potion of flight
 G - a potion of lignification
 I - a potion of ambrosia
Comestibles
 d - 15 rations


   Skills:
 + Level 6.3 Fighting
 + Level 6.3 Short Blades
 + Level 6.3 Long Blades
 + Level 6.3 Axes
 + Level 6.3 Maces & Flails
 + Level 6.3 Polearms
 + Level 6.3 Staves
 + Level 6.3 Slings
 + Level 6.3 Bows
 + Level 6.3 Crossbows
 + Level 6.3 Throwing
 + Level 6.3 Armour
 + Level 7.9 Dodging
 + Level 7.7 Stealth
 + Level 6.3 Shields
 + Level 6.3 Unarmed Combat
 + Level 8.1 Spellcasting
 + Level 5.2 Conjurations
 + Level 5.2 Hexes
 + Level 5.2 Charms
 + Level 5.2 Summonings
 + Level 5.2 Necromancy
 + Level 5.2 Translocations
 + Level 5.7 Transmutations
 + Level 5.2 Fire Magic
 + Level 5.2 Ice Magic
 + Level 5.2 Air Magic
 + Level 7.7 Earth Magic
 + Level 5.2 Poison Magic
 + Level 6.9 Invocations
 + Level 6.3 Evocations


You had one spell level left.
You knew the following spells:

 Your Spells              Type           Power        Failure   Level  Hunger
a - Sandblast             Erth           ####..       1%          1    None
b - Passwall              Tmut/Erth      ####....     1%          2    None
c - Stone Arrow           Conj/Erth      ####..       2%          3    #......
d - Petrify               Tmut/Erth      ####....     6%          4    ###....
e - Lee's Rapid Deconstr  Erth           ####......   12%         5    #####..
f - Dazzling Spray        Conj/Hex       ###...       3%          3    #......
g - Fulminant Prism       Conj/Hex       ###.......   12%         4    ###....
h - Magic Dart            Conj           ###.         1%          1    None
i - Poisonous Vapours     Pois/Air       ###...       1%          2    None

Your spell library contained the following spells:

 Spells                   Type           Power        Failure   Level  Hunger
 Animate Skeleton         Necr           N/A          1%          1    None
 Flame Tongue             Conj/Fire      ###..        1%          1    None
 Pain                     Necr           ###.         1%          1    None
 Searing Ray              Conj           ###...       1%          2    None
 Throw Flame              Conj/Fire      ###...       1%          2    None
 Conjure Flame            Conj/Fire      ###.....     3%          3    #......
 Inner Flame              Hex/Fire       ###.....     3%          3    #......
 Mephitic Cloud           Conj/Pois/Air  ###.....     3%          3    #......
 Regeneration             Chrm/Necr      ###.......   3%          3    #......
 Vampiric Draining        Necr           ###.......   3%          3    #......
 Animate Dead             Necr           N/A          12%         4    ###....
 Force Lance              Conj/Tloc      ###.....     12%         4    ###....
 Iskenderun's Mystic Bla  Conj           ###.....     12%         4    ###....
 Sticky Flame             Conj/Fire      ###.....     12%         4    ###....
 Fireball                 Conj/Fire      ###.......   32%         5    #####..
 Freezing Cloud           Conj/Ice/Air   ###.......   88%         6    ######.
 Ring of Flames           Chrm/Fire      ###.......   100%        7    #######


Dungeon Overview and Level Annotations

Branches:
Dungeon (11/15)            Temple (1/1) D:7            Lair (1/6) D:11
    Orc (2/2) D:11
    Elf: Orc:2

Altars:
Ashenzari
Cheibriados
Dithmenos
Elyvilon
Fedhas
Gozag
Hepliaklqana
Kikubaaqudgha
Makhleb
Nemelex Xobeh
Okawaru
Qazlal
Ru
Sif Muna
Trog
Uskayaw
Vehumet
Wu Jian
Xom
Yredelemnul
Zin
The Shining One

Shops:
D:8 *   Orc:2 %?

Annotations:
D:10 Nergalle
D:11 wall's ghost, journeyman MiBe


Innate Abilities, Weirdness & Mutations

Your experience applies equally to all skills.
You have very sharp teeth.
Your uncanny sense of smell can sniff out nearby items.
You are partially covered in yellow scales. (AC +2)
Your flesh is cold resistant. (rC+)
You are frail. (-10% HP)


Message History

You are covered in liquid flames!
Keep disrobing? [Y]es or [N]o only, please.
Keep disrobing?
You stop removing your armour.
* * * LOW HITPOINT WARNING * * *
You block the orc warrior's attack.
Casting: Sandblast (safe; 1% risk of failure)
Confirm with . or Enter, or press ? or * to list all spells.
Aiming: Dazzling Spray (safe; 3% risk of failure)
Press: ? - help, Shift-Dir - straight line, f/p - smoke demon
Aim: a smoke demon (moderately wounded)
The spray of energy hits the smoke demon.
The smoke demon is moderately wounded.
The smoke demon is dazzled.
The spray of energy hits the orc warrior.
The orc warrior is dazzled.
You are covered in liquid flames!
You die...
Your body crumbles into a pile of gold.

# ##.....## #####
##..#.#..## .#..##
##.$.......##
.....##
##.$(#.#.#...#
......#
##.))$.(.......
.#....##
##..#$#..o..#.
###....#
##))##$...#..(.#
###.)..#
##.)###.o.## o..#
#......###.)###.@3##
∆..#
..))...##.)###...##
o..
[.#......[###...##
.o .##......###...#
. ####.#..###.#.# #
#######. .# # .# ##
$


You could see a smoke demon (blind) and 2 orc warriors.

Vanquished Creatures
  Pikel (D:9)
  Joseph (D:9)
  2 rime drakes (Lair:1)
  Grinder (Sewer)
  A troll (D:10)
  Prince Ribbit (D:6)
  A hippogriff (D:9)
  A spriggan (D:7)
  7 yaks
  A hungry ghost (D:10)
  2 chaos spawn (Orc:2)
  6 orc warriors (Orc:2)
  A phantom (D:6)
  3 ice beasts
  An eye of draining (D:3)
  A sky beast (D:6)
  3 slaves (D:9)
  A black bear (D:7)
  5 ogres
  4 centaurs
  A crocodile (D:10)
  Blork the orc (D:4)
  3 big kobolds
  8 bullfrogs
  2 water moccasin zombies
  A wyvern skeleton (D:8)
  4 scorpions
  13 killer bees
  3 howler monkeys
  4 crimson imps
  A centaur zombie (D:8)
  10 orc priests
  3 jellies
  2 gnoll shamans
  5 hounds
  9 orc wizards
  2 quasits
  A bullfrog skeleton (D:10)
  A centaur skeleton (D:6)
  Natasha (thrice) (D:4)
  3 iguanas
  8 worker ants
  5 big kobold zombies (Ossuary)
  A hound zombie (D:5)
  A mummy (Ossuary)
  A hound skeleton (D:6)
  Robin (D:4)
  A worker ant zombie (D:10)
  13 gnolls
  13 adders
  2 shadow imps
  2 oozes
  5 ufetubi (Sewer)
  An adder zombie (D:6)
  4 adder skeletons
  A worm (D:2)
  5 leopard geckos
  36 orcs
  3 spectral bats (Ossuary)
  2 ball pythons (D:1)
  A bat zombie (Sewer)
  10 giant cockroaches
  7 gnoll zombies (Ossuary)
  10 hobgoblins
  16 jackals
  29 kobolds
  3 quokkas
  7 bats
  3 bat simulacra (Ossuary)
  5 frilled lizards
  A giant cockroach zombie (D:6)
  15 goblins
  3 goblin simulacra (Ossuary)
  5 goblin zombies (Ossuary)
  3 hobgoblin zombies (Ossuary)
  5 kobold simulacra (Ossuary)
  8 kobold zombies
  A leopard gecko skeleton (D:5)
  A leopard gecko zombie (D:6)
  5 orc zombies
  A quokka skeleton (D:4)
  7 rats
  A rat simulacrum (Ossuary)
  4 spectral goblins (Ossuary)
  A spectral kobold (Ossuary)
  4 spectral rats (Ossuary)
385 creatures vanquished.

Vanquished Creatures (collateral kills)
  An orc knight (Orc:2)
  3 orc warriors (Orc:2)
  2 orcs (Orc:2)
6 creatures vanquished.

Vanquished Creatures (others)
  A cyclops (Orc:2)
  A troll (Orc:2)
  An orc priest (Orc:2)
  2 orcs (Orc:2)
  9 fulminant prisms
  3 plants (D:4)
17 creatures vanquished.

Grand Total: 408 creatures vanquished

Notes
Turn   | Place    | Note
-------+----------+-------------------------------------------
     0 | D:1      | myga the Gnoll Earth Elementalist began the quest for the
                  | Orb.
     0 | D:1      | Reached XP level 1. HP: 13/13 MP: 6/6
   382 | D:1      | Reached XP level 2. HP: 19/19 MP: 7/7
   621 | D:1      | Learned a level 2 spell: Passwall
   896 | D:1      | Reached XP level 3. HP: 25/25 MP: 7/9
  1079 | D:1      | Learned a level 3 spell: Stone Arrow
  1279 | D:2      | Reached skill level 5 in Spellcasting
  1351 | D:2      | Found a faded altar of an unknown god.
  1409 | D:2      | Found a glowing golden altar of the Shining One.
  1419 | D:2      | Found a shadowy altar of Dithmenos.
  1435 | D:2      | Noticed an ogre
  1444 | D:2      | Killed an ogre
  1444 | D:2      | Reached skill level 1 in Fighting
  1444 | D:2      | Reached skill level 1 in Short Blades
  1444 | D:2      | Reached skill level 1 in Long Blades
  1444 | D:2      | Reached skill level 1 in Axes
  1444 | D:2      | Reached skill level 1 in Maces & Flails
  1444 | D:2      | Reached skill level 1 in Polearms
  1444 | D:2      | Reached skill level 1 in Staves
  1444 | D:2      | Reached skill level 1 in Slings
  1444 | D:2      | Reached skill level 1 in Bows
  1444 | D:2      | Reached skill level 1 in Crossbows
  1444 | D:2      | Reached skill level 1 in Throwing
  1444 | D:2      | Reached skill level 1 in Armour
  1444 | D:2      | Reached skill level 1 in Shields
  1444 | D:2      | Reached skill level 1 in Unarmed Combat
  1444 | D:2      | Reached skill level 1 in Conjurations
  1444 | D:2      | Reached skill level 1 in Hexes
  1444 | D:2      | Reached skill level 1 in Charms
  1444 | D:2      | Reached skill level 1 in Summonings
  1444 | D:2      | Reached skill level 1 in Necromancy
  1444 | D:2      | Reached skill level 1 in Translocations
  1444 | D:2      | Reached skill level 1 in Fire Magic
  1444 | D:2      | Reached skill level 1 in Ice Magic
  1444 | D:2      | Reached skill level 1 in Air Magic
  1444 | D:2      | Reached skill level 1 in Poison Magic
  1444 | D:2      | Reached skill level 1 in Invocations
  1444 | D:2      | Reached skill level 1 in Evocations
  1444 | D:2      | Reached XP level 4. HP: 32/32 MP: 4/11
  1444 | D:2      | Reached XP level 5. HP: 37/37 MP: 4/12
  1488 | D:2      | Found a shadowy altar of Dithmenos.
  1502 | D:2      | Found a blossoming altar of Fedhas.
  2095 | D:2      | Became a worshipper of Gozag Ym Sagoz the Greedy
  2104 | D:2      | Learned a level 4 spell: Petrify
  2144 | D:3      | Found a sacrificial altar of Ru.
  2177 | D:3      | Found a shimmering altar of Xom.
  2178 | D:3      | Found a shimmering altar of Xom.
  2179 | D:3      | Found a shimmering altar of Xom.
  2669 | D:3      | Reached XP level 6. HP: 35/44 MP: 6/13
  2913 | D:3      | Found an iron altar of Okawaru.
  3023 | D:3      | Found a stormy altar of Qazlal.
  3024 | D:3      | Found a burning altar of Makhleb.
  3263 | D:3      | Learned a level 5 spell: Lee's Rapid Deconstruction
  3265 | D:3      | Found a bloodstained altar of Trog.
  3265 | D:3      | Noticed an eye of draining
  3417 | D:3      | Killed an eye of draining
  3417 | D:3      | Reached skill level 5 in Dodging
  3588 | D:4      | Reached XP level 7. HP: 50/50 MP: 10/15
  3645 | D:4      | Noticed Blork the orc
  3663 | D:4      | Killed Blork the orc
  4011 | D:4      | Noticed Robin
  4019 | D:4      | Killed Robin
  4192 | D:4      | Got a transparent long sword
  4194 | D:4      | Noticed Natasha
  4208 | D:4      | Killed Natasha
  4357 | D:4      | Identified the +7 long sword of the Purse {freeze, Dex+10
                  | SInv} (You found it on level 4 of the Dungeon)
  4433 | D:4      | Noticed Natasha
  4436 | D:4      | Killed Natasha
  4447 | D:4      | Noticed Natasha
  4452 | D:4      | Killed Natasha
  4452 | D:4      | Reached skill level 5 in Stealth
  5289 | D:5      | Entered Level 5 of the Dungeon
  5413 | D:5      | Reached XP level 8. HP: 57/57 MP: 12/16
  5486 | D:5      | Found an opulent altar of Gozag.
  5568 | D:5      | Reached skill level 6 in Spellcasting
  5628 | D:5      | Found a hide-covered altar of Uskayaw.
  6427 | D:6      | Reached XP level 9. HP: 65/65 MP: 15/18
  6554 | D:6      | Noticed Prince Ribbit
  6566 | D:6      | Killed Prince Ribbit
  6679 | D:6      | Found a glowing drain.
  6725 | Sewer    | Entered a sewer
  6909 | Sewer    | Found a burning altar of Makhleb.
  7003 | Sewer    | Noticed Grinder
  7028 | Sewer    | Killed Grinder
  7058 | Sewer    | Got an ichor-stained robe
  7095 | Sewer    | Identified the +2 robe of Bimeimpa {Dex+4} (You found it in
                  | a sewer)
  7709 | D:6      | Reached skill level 5 in Invocations
  8046 | D:6      | Gained mutation: Your flesh is cold resistant. (rC+)
                  | [potion of mutation]
  8046 | D:6      | Gained mutation: You are frail. (-10% HP) [potion of
                  | mutation]
  8046 | D:6      | Gained mutation: You are partially covered in yellow
                  | scales. (AC +2) [potion of mutation]
  8165 | D:7      | Reached skill level 7 in Spellcasting
  8165 | D:7      | Reached XP level 10. HP: 56/65 MP: 18/20
  8234 | D:7      | Found a sand-covered staircase.
  8246 | Ossuary  | Entered an ossuary
  9214 | D:7      | Learned a level 3 spell: Dazzling Spray
  9219 | D:7      | Learned a level 4 spell: Fulminant Prism
  9221 | D:7      | Learned a level 1 spell: Magic Dart
  9359 | D:7      | Found a staircase to the Ecumenical Temple.
  9365 | Temple   | Entered the Ecumenical Temple
  9879 | D:8      | Found Suran's Elemental Accessories.
  9968 | D:8      | Reached skill level 5 in Fighting
  9968 | D:8      | Reached skill level 5 in Short Blades
  9968 | D:8      | Reached skill level 5 in Long Blades
  9968 | D:8      | Reached skill level 5 in Axes
  9968 | D:8      | Reached skill level 5 in Maces & Flails
  9968 | D:8      | Reached skill level 5 in Polearms
  9968 | D:8      | Reached skill level 5 in Staves
  9968 | D:8      | Reached skill level 5 in Slings
  9968 | D:8      | Reached skill level 5 in Bows
  9968 | D:8      | Reached skill level 5 in Crossbows
  9968 | D:8      | Reached skill level 5 in Throwing
  9968 | D:8      | Reached skill level 5 in Armour
  9968 | D:8      | Reached skill level 5 in Shields
  9968 | D:8      | Reached skill level 5 in Unarmed Combat
  9968 | D:8      | Reached skill level 5 in Evocations
 10901 | D:9      | Noticed Pikel
 10907 | D:9      | Killed Pikel
 10974 | D:9      | Found a deep blue altar of Sif Muna.
 11140 | D:9      | Found a radiant altar of Vehumet.
 11163 | D:9      | Noticed Joseph
 11227 | D:9      | Killed Joseph
 11227 | D:9      | Reached skill level 5 in Transmutations
 11679 | D:10     | Entered Level 10 of the Dungeon
 11832 | D:10     | Noticed Nergalle
 12092 | D:10     | Reached XP level 11. HP: 72/72 MP: 14/22
 12757 | D:11     | Found a staircase to the Lair.
 12916 | Lair:1   | Entered Level 1 of the Lair of Beasts
 13077 | Lair:1   | Noticed wall's ghost (journeyman MiBe)
 13078 | Lair:1   | Noticed an ice dragon
 13096 | Lair:1   | Found a runed gate.
 13096 | Lair:1   | Found a runed gate.
 13096 | Lair:1   | Found a runed gate.
 13110 | Lair:1   | Learned a level 2 spell: Poisonous Vapours
 13129 | Lair:1   | Reached skill level 5 in Conjurations
 13129 | Lair:1   | Reached skill level 5 in Hexes
 13129 | Lair:1   | Reached skill level 5 in Charms
 13129 | Lair:1   | Reached skill level 5 in Summonings
 13129 | Lair:1   | Reached skill level 5 in Necromancy
 13129 | Lair:1   | Reached skill level 5 in Translocations
 13129 | Lair:1   | Reached skill level 5 in Fire Magic
 13129 | Lair:1   | Reached skill level 5 in Ice Magic
 13129 | Lair:1   | Reached skill level 5 in Air Magic
 13129 | Lair:1   | Reached skill level 5 in Poison Magic
 13146 | D:11     | Noticed a purple ugly thing
 13158 | D:11     | Found a staircase to the Orcish Mines.
 13166 | Orc:1    | Entered Level 1 of the Orcish Mines
 13621 | Orc:1    | Noticed a stone giant
 13872 | Orc:2    | Entered Level 2 of the Orcish Mines
 13873 | Orc:2    | Reached skill level 8 in Spellcasting
 14028 | Orc:2    | Noticed a cyclops
 14089 | Orc:2    | Killed a cyclops
 14091 | Orc:2    | Noticed a two-headed ogre
 14153 | Orc:2    | Noticed an orc knight
 14185 | Orc:2    | Killed an orc knight
 14646 | Orc:2    | Found Keng's Food Shop.
 14658 | Orc:2    | Found Ufabb's Magic Scroll Boutique.
 14692 | Orc:2    | HP: 3/73 [burnt (2)]
 14693 | Orc:2    | Incinerated by a smoke demon

Skill      XL: |  1  2  3  4  5  6  7  8  9 10 11 |
---------------+----------------------------------+-----
Transmutations | 2 3 4 5 |  5.7
Spellcasting   | 5 6 7 8 |  8.1
Fighting       | 1 2 3 4 5 6 |  6.3
Short Blades   | 1 2 3 4 5 6 |  6.3
Long Blades    | 1 2 3 4 5 6 |  6.3
Axes           | 1 2 3 4 5 6 |  6.3
Maces & Flails | 1 2 3 4 5 6 |  6.3
Polearms       | 1 2 3 4 5 6 |  6.3
Staves         | 1 2 3 4 5 6 |  6.3
Slings         | 1 2 3 4 5 6 |  6.3
Bows           | 1 2 3 4 5 6 |  6.3
Crossbows      | 1 2 3 4 5 6 |  6.3
Throwing       | 1 2 3 4 5 6 |  6.3
Armour         | 1 2 3 4 5 6 |  6.3
Shields        | 1 2 3 4 5 6 |  6.3
Unarmed Combat | 1 2 3 4 5 6 |  6.3
Conjurations   | 1 2 3 4 5 |  5.2
Hexes          | 1 2 3 4 5 |  5.2
Charms         | 1 2 3 4 5 |  5.2
Summonings     | 1 2 3 4 5 |  5.2
Necromancy     | 1 2 3 4 5 |  5.2
Translocations | 1 2 3 4 5 |  5.2
Fire Magic     | 1 2 3 4 5 |  5.2
Ice Magic      | 1 2 3 4 5 |  5.2
Air Magic      | 1 2 3 4 5 |  5.2
Poison Magic   | 1 2 3 4 5 |  5.2
Invocations    | 1 2 3 4 5 6 |  6.9
Evocations     | 1 2 3 4 5 6 |  6.3
Dodging        | 5 6 7 |  7.9
Stealth        | 5 6 7 |  7.7
Earth Magic    | 6 7 |  7.7

Action                   |  1- 3 |  4- 6 |  7- 9 | 10-12 || total
-------------------------+-------+-------+-------+-------++-------
Melee: Unarmed           |     7 |       |       |       ||     7
       Whip              |    13 |       |       |       ||    13
       Club              |     1 |    53 |     2 |       ||    56
       Bite              |       |    10 |    14 |    66 ||    90
       Flail             |       |       |    10 |       ||    10
       Long sword        |       |       |    73 |   243 ||   316
Throw: Stone             |    33 |     3 |    34 |    50 ||   120
       Tomahawk          |     5 |    33 |   106 |    52 ||   196
 Cast: Sandblast         |    26 |    46 |    98 |   131 ||   301
       Stone Arrow       |     1 |    16 |    38 |    57 ||   112
       Petrify           |       |     1 |     3 |     8 ||    12
       Lee's Rapid Decon |       |       |     6 |     3 ||     9
       Magic Dart        |       |       |       |    23 ||    23
       Dazzling Spray    |       |       |       |    39 ||    39
       Fulminant Prism   |       |       |       |     9 ||     9
       Poisonous Vapours |       |       |       |     4 ||     4
Invok: Bribe Branch      |       |       |       |     1 ||     1
Evoke: Wand              |       |       |       |     6 ||     6
  Use: Scroll            |     2 |     6 |    11 |    15 ||    34
       Potion            |       |       |    10 |    19 ||    29
 Stab: Sleeping          |       |     1 |       |     8 ||     9
       Distracted        |       |       |       |     2 ||     2
       Invisible         |       |       |       |     7 ||     7
  Eat: Chunk             |     2 |     2 |       |       ||     4
       Ration            |       |     2 |     6 |     7 ||    15
Armor: Robe              |     2 |     6 |    23 |    33 ||    64
Dodge: Dodged            |    18 |    29 |    68 |   299 ||   414
Block: Buckler           |       |       |    13 |   138 ||   151
       Rpst.: Long sword |       |       |    18 |    76 ||    94
